 Dungeon Crawl Stone Soup version 0.28.0-43-g3370ac3207 (console) character file.

Game seed: 1712269103553729070

81 Zeor the Magician (level 4, 0/31 HPs)
             Began as a Djinni Hedge Wizard on Mar 23, 2022.
             Slain by Natasha (7 damage)
             ... on level 2 of the Dungeon.
             The game lasted 00:06:10 (2226 turns).

Zeor the Magician (Djinni Hedge Wizard)             Turns: 2226, Time: 00:06:11

Health: 0/31       AC:  4    Str:  9    XL:     4   Next: 67%
Gold:   106        EV: 12    Int: 17    God:
                   SH:  0    Dex: 13

rFire   + + +      SeeInvis .   i - +2 long sword (vorpal)
rCold   x . .      Faith    .   (no shield)
rNeg    . . .      Spirit   .   b - +0 robe
rPois   ∞          Reflect  .   c - +1 hat
rElec   .          Harm     .   g - +0 cloak
rCorr   .          Rampage  .   (no gloves)
Will    +....                   (boots unavailable)
Stlth   ++........              (no amulet)
HPRegen 0.10/turn               d - ring of protection from fire
MPRegen 0.00/turn               h - ring of willpower

@: flying
A: sickness immunity, fire resistance 2, cold vulnerability 1, float, innate
caster, HP casting, extra vitality 1
a: no special abilities


You were on level 2 of the Dungeon.
You visited 1 branch of the dungeon, and saw 2 of its levels.

You collected 106 gold pieces.

Inventory:

Hand Weapons
 a - a +0 dagger of draining
 f - a +2 dagger of speed
 i - a +2 vorpal long sword (weapon)
Armour
 b - a +0 robe (worn)
 c - a +1 hat (worn)
 g - a +0 cloak (worn)
Jewellery
 d - a ring of protection from fire (left hand)
 h - a ring of willpower (right hand)
Potions
 j - 2 potions of invisibility {unknown}
 k - a potion of curing {unknown}


   Skills:
 + Level 0.8 Short Blades
 + Level 2.3 Dodging
 + Level 1.8 Stealth
 * Level 3.7 Spellcasting


You couldn't memorise any spells.
You knew the following spells:

 Your Spells              Type           Power      Damage    Failure   Level
a - Magic Dart            Conj           60%        1d6       3%          1
b - Blink                 Tloc           30%        N/A       5%          2
c - Call Imp              Summ           15%        N/A       5%          2
d - Slow                  Hex            60%        N/A       3%          1
e - Conjure Flame         Conj/Fire      15%        6-21      11%         3
f - Mephitic Cloud        Conj/Pois/Air  15%        N/A       11%         3
g - Summon Small Mammal   Summ           60%        N/A       3%          1
Your spell library was empty.

Dungeon Overview and Level Annotations

Branches:
Dungeon (2/15)

Altars:

Annotations:
D:2 Natasha


Innate Abilities, Weirdness & Mutations

You are immune to sickness and miasma.
You are immune to poison.
Your flesh is very heat resistant. (rF++)
You are vulnerable to cold. (rC-)
You float through the air rather than walking.
You learn spells naturally, not from books.
Your magical power is your life essence.
You have superior vitality. (+4 MHP)


Message History

Natasha's front paws start to glow.
The crimson imp hits your shadow imp.
Your shadow imp misses the crimson imp.
Casting: Call Imp (safe; 5% risk of failure)
Confirm with . or Enter, or press ? or * to list all spells.
Natasha mumbles some strange words.
The crimson imp hits your shadow imp.
Your shadow imp hits the crimson imp.
The crimson imp hits your shadow imp but does no damage.
Your shadow imp hits the crimson imp.
The crimson imp blinks!
The crimson imp hits your shadow imp but does no damage.
Your shadow imp closely misses the crimson imp.
The crimson imp barely misses your shadow imp.
The crimson imp blinks!
The crimson imp disappears in a puff of smoke!
Your bat misses Natasha. Natasha claws your bat.
Your bat dies!
Your bat's corpse disappears in a puff of smoke!
Natasha claws your shadow imp but does no damage.
Your shadow imp hits Natasha.
You see here a quokka corpse.
Natasha casts a spell.
Your shadow imp hits Natasha but does no damage.
Natasha claws your shadow imp.
Your shadow imp dies!
Your shadow imp disappears in a puff of smoke!
Casting: Summon Small Mammal (safe; 3% risk of failure)
Confirm with . or Enter, or press ? or * to list all spells.
The spell is quite dangerous to miscast (11% risk of failure)!
Continue anyway?
Aiming: Mephitic Cloud (quite dangerous; 11% risk of failure)
Press: ? - help, Shift-Dir - straight line, f - Natasha
Aim: Natasha (grey smoke, moderately wounded, chance to affect: 86%)
The ball explodes into a vile cloud!
The stinking cloud engulfs Natasha but does no damage.
Natasha is moderately wounded.
The stinking cloud engulfs the crimson imp but does no damage.
You hit Natasha.
Natasha is severely wounded.
Natasha claws you.
* * * LOW HITPOINT WARNING * * *
Natasha claws you!
You die...

░
▒∙▒∙∙∙∙∙∙∙∙∙∙▒
▒5∙∙∙∙∙∙∙∙∙∙∙▒
░░∙∙∙∙∙∙∙∙∙∙∙▒
░░▒∙>∙∙∙∙∙∙▒░
▒▒▒▒∙∙††∙∙∙▒░
▒▒∙∙∙∙▒☼▒▒▒▒▒
▒▒∙∙▒▒▒5∙▒
▒▒▒∙∙▒▒▒▒h▒▒
▒▒▒▒▒∙∙∙▒▒▒∙R∙▒
▒▒▒▒▒∙∙∙∙∙▒▒▒
▒∙▒▒▒
∙∙∙∙∙∙▒▒▒▒▒ ▒▒▒
▒▒▒▒▒▒▒


You could see Natasha and a crimson imp (summoned).

Vanquished Creatures
  2 adders (D:2)
  A ball python (D:1)
  3 endoplasms (D:2)
  A giant cockroach (D:2)
  2 goblins (D:1)
  A hobgoblin (D:1)
  2 quokkas
  8 bats
  2 frilled lizards (D:2)
  8 rats
30 creatures vanquished.

Vanquished Creatures (collateral kills)
  An adder (D:2)
  A dart slug (D:1)
  3 ball pythons
  2 endoplasms
  A giant cockroach (D:2)
  A goblin (D:2)
  2 hobgoblins
  3 jackals (D:2)
  2 quokkas
  A bat (D:2)
  A rat (D:2)
18 creatures vanquished.

Grand Total: 48 creatures vanquished

Notes
Turn   | Place    | Note
-------+----------+-------------------------------------------
     0 | D:1      | Zeor the Djinni Hedge Wizard began the quest for the Orb.
     0 | D:1      | Reached XP level 1. HP: 15/15 MP: 0/0
   536 | D:1      | Reached XP level 2. HP: 16/21 MP: 0/0
   908 | D:1      | Reached skill level 3 in Spellcasting
  1004 | D:1      | Found a faded altar of an unknown god.
  1064 | D:1      | Reached XP level 3. HP: 17/25 MP: 0/0
  1064 | D:1      | Learned a level 1 spell: Summon Small Mammal
  1881 | D:2      | Reached XP level 4. HP: 27/31 MP: 0/0
  2196 | D:2      | Noticed Natasha
  2226 | D:2      | Slain by Natasha

Illustrated notes

Levels and vault maps discovered:
D:1:      pf_arrival_petrified_forest, layout_loops_ring,
          shapermc_ecumenical_altar_mp_vishouse, minmay_circled_x
D:2:      layout_rooms, uniq_natasha

Skill      XL: |  1  2 |
---------------+-------+-----
Spellcasting   | 3 |  3.7
Short Blades   | |  0.8
Dodging        | |  2.3
Stealth        | |  1.8

Action                   |  1- 3 |  4- 6 || total
-------------------------+-------+-------++-------
Melee: Dagger            |     9 |       ||     9
       Long sword        |     2 |     7 ||     9
 Cast: Magic Dart        |    44 |    16 ||    60
       Call Imp          |     9 |     3 ||    12
       Blink             |     1 |       ||     1
       Summon Small Mamm |     6 |     5 ||    11
       Mephitic Cloud    |       |     2 ||     2
  Use: Scroll            |     4 |     2 ||     6
 Stab: Sleeping          |     1 |       ||     1
Armor: Robe              |     6 |     2 ||     8
Dodge: Dodged            |    19 |     8 ||    27
